 Dungeon Crawl Stone Soup version 0.30-b1-2-g02819fbbbe (webtiles) character file.

Game seed: 18140522139171394405

70 Arzdou the Slasher (level 4, 0/35 HPs)
             Began as a Merfolk Monk on May 25, 2023.
             Slain by an orc
             ... wielding a +0 short sword
              (3 damage)
             ... on level 1 of the Dungeon.
             The game lasted 00:02:05 (817 turns).

Arzdou the Slasher (Merfolk Monk)                    Turns: 817, Time: 00:02:06

Health: 0/35       AC:  5    Str: 11    XL:     4   Next: 22%
Magic:  4/4        EV: 12    Int:  9    God:
Gold:   45         SH:  0    Dex: 18    Spells: 3/3 levels left

rFire   . . .        a - +0 falchion
rCold   . . .        d - orb {light}
rNeg    . . .        f - +0 ring mail
rPois   .            (no helmet)
rElec   .            (no cloak)
rCorr   .            (no gloves)
SInv    .            (no boots)
Will    .....        (no amulet)
Stlth   +            (no ring)
HPRegen 0.25/turn    (no ring)
MPRegen 0.09/turn

%: no passive effects
@: glowing
A: (nimble swimmer 2), mertail
a: no special abilities


You were on level 1 of the Dungeon.
You visited 1 branch of the dungeon, and saw 2 of its levels.

You collected 45 gold pieces.

Inventory:

Hand Weapons
 a - a +0 falchion (weapon)
Missiles
 h - 4 atropa-tipped darts (quivered)
Armour
 b - a +0 robe
 d - an orb of light (worn)
 f - a +0 ring mail (worn)
 i - a +0 leather armour
Scrolls
 e - 2 scrolls of fear {unknown}
 g - a scroll of identify {unknown}
Potions
 c - a potion of ambrosia


   Skills:
 - Level 3.2 Fighting
 + Level 6.0 Long Blades
 - Level 4.0 Dodging


You had 3 spell levels left.
You didn't know any spells.
Your spell library contained the following spells:

 Spells                   Type           Power      Damage    Failure   Level
 Ozocubu's Armour         Ice            0%         N/A       96%         3
 Metabolic Englaciation   Hex/Ice        0%         N/A       100%        5
 Simulacrum               Ice/Necr       0%         N/A       100%        6


Dungeon Overview and Level Annotations

Branches:
Dungeon (2/15)

Altars:


Innate Abilities, Weirdness & Mutations

((You are very nimble when in or above water. (Stealth+, EV+, Speed+++)))
Your lower body shifts to a powerful aquatic tail in water.


Message History

The orc priest is heavily wounded.
You hit the orc.
The orc is heavily wounded.
The orc priest closely misses you.
You barely miss the orc priest.
The orc priest is heavily wounded.
The orc priest barely misses you. The orc hits you but does no damage.
The orc barely misses you.
You barely miss the orc priest.
The orc priest is heavily wounded.
The orc priest miscasts a cantrip.
The orc hits you but does no damage. The orc barely misses you.
You hit the orc priest but do no damage.
The orc priest is heavily wounded.
The orc priest hits you with a +0 whip.
* * * LOW HITPOINT WARNING * * *
The orc barely misses you. The orc hits you with a +0 short sword.
* * * LOW HITPOINT WARNING * * *
You slash the orc priest!
You kill the orc priest!
The orc barely misses you. The orc closely misses you.
Your Long Blades skill increases to level 6!
You have reached level 4!
You barely miss the orc.
The orc is heavily wounded.
The orc closely misses you. The orc hits you but does no damage.
You barely miss the orc.
The orc is heavily wounded.
The orc hits you with a +0 war axe.
* * * LOW HITPOINT WARNING * * *
The orc hits you with a +0 short sword.
* * * LOW HITPOINT WARNING * * *
You slash the orc!
You kill the orc!
The orc hits you with a +0 short sword.
* * * LOW HITPOINT WARNING * * *
You hit the orc.
The orc is severely wounded.
The orc hits you with a +0 short sword.
You die...

## #..(...#.......# #.# #####
#.#....#######.# #.# #...#
#.#......#####.# #.# #...#
#.#.........##.# #.# #...#
#.##.##.....##.####.#
###...###....##.†...##......#
................>...##....###
###...##########o#####....#
.....(##.......)@)# #....#
......##..........# ######
......##..........#
....####(.........# ....#
#..........## ....#
#...........# #####
#...(.......###
#.............##
#######..####..#


You could see an orc.

Vanquished Creatures
  An orc priest (D:1)
  An adder (D:1)
  A dart slug (D:1)
  An orc (D:1)
  3 endoplasms (D:1)
  A giant cockroach (D:1)
  2 goblins (D:1)
  A hobgoblin (D:1)
  3 jackals (D:1)
  2 quokkas (D:1)
  3 ball pythons (D:1)
  3 bats (D:1)
  A frilled lizard (D:1)
  5 kobolds (D:1)
  3 rats (D:1)
31 creatures vanquished.

Notes
Turn   | Place    | Note
-------+----------+-------------------------------------------
     0 | D:1      | Arzdou the Merfolk Monk began the quest for the Orb.
     0 | D:1      | Reached XP level 1. HP: 18/18 MP: 1/1
   187 | D:1      | Reached skill level 4 in Long Blades
   213 | D:1      | Reached XP level 2. HP: 21/24 MP: 2/2
   501 | D:1      | Reached skill level 5 in Long Blades
   501 | D:1      | Reached XP level 3. HP: 25/29 MP: 3/3
   814 | D:1      | Reached skill level 6 in Long Blades
   814 | D:1      | Reached XP level 4. HP: 6/35 MP: 4/4
   817 | D:1      | Slain by an orc

Illustrated notes

Levels and vault maps discovered:
D:1:      amcnicky_arrival_abandoned_market, layout_basic
D:2:      layout_basic

Skill      XL: |  1  2  3 |
---------------+----------+-----
Long Blades    | 4 5 6 |  6.0
Fighting       | |  3.2
Dodging        | |  4.0

Action                     |  1- 3 |  4- 6 || total
---------------------------+-------+-------++-------
  Melee: Falchion          |    72 |     4 ||    76
 Armour: Ring mail         |    29 |     1 ||    30
  Dodge: Dodged            |    73 |     1 ||    74
